 Dungeon Crawl Stone Soup version 0.17-a0-1522-g6c5b4ba (webtiles) character file.

620 namelastname112 the Slasher (level 7, -1/60 HPs)
             Began as a Mottled Draconian Skald on July 14, 2015.
             Was a Believer of Okawaru.
             Killed from afar by namelastname112's ghost (11 damage)
             ... with a flame tongue
             ... on level 5 of the Dungeon.
             The game lasted 00:08:58 (4828 turns).

namelastname112 the Slasher (DrSk)                  Turns: 4828, Time: 00:08:58

Health: -1/60      AC:  8    Str: 14    XL:     7   Next: 22%
Magic:  10/10      EV: 13    Int: 12    God:    Okawaru [**....]
Gold:   175        SH:  0    Dex: 13    Spells: 1 memorised, 9 levels left

rFire  . . .     SeeInvis .     a - +0 falchion
rCold  . . .     Clarity  .     (armour unavailable)
rNeg   . . .     SustAt   .     (no shield)
rPois  .         Gourm    .     (helmet restricted)
rElec  .         Spirit   .     (no cloak)
rCorr  .         Warding  .     (no gloves)
rMut   .         Stasis   .     y - +1 pair of boots
MR     .....                    (no amulet)
Stlth  ++........               p - ring of flight
                                n - ring of stealth

@: not resistant to hostile enchantments, unstealthy
A: breathe sticky flame splash, unfitting armour, cold-blooded, AC +6
a: Breathe Sticky Flame, Heroism, Renounce Religion, Evoke Flight


You were on level 5 of the Dungeon.
You worshipped Okawaru.
Okawaru was pleased with you.
You were very hungry.

You visited 1 branch of the dungeon, and saw 5 of its levels.

You collected 175 gold pieces.

Inventory:

Hand weapons
 a - a +0 falchion (weapon)
 q - a +2 dagger of pain
Armour
 y - a +1 pair of boots (worn)
Jewellery
 n - a ring of stealth (left hand)
 p - a ring of flight (right hand)
Magical devices
 A - a wand of fireball (10)
Scrolls
 e - 2 scrolls of enchant armour {unknown}
 g - a scroll of fear {unknown}
 h - a scroll of recharging {unknown}
 j - 5 scrolls of identify {unknown}
 k - a scroll of enchant weapon {unknown}
 l - 2 scrolls of noise {unknown}
 m - a scroll of immolation {unknown}
 o - 3 scrolls of teleportation {unknown}
 v - a scroll of magic mapping {unknown}
 z - a scroll of remove curse {unknown}
Potions
 i - a potion of degeneration {unknown}
 r - a potion of mutation {unknown}
 s - a potion of ambrosia {unknown}
 t - 2 potions of lignification {unknown}
 w - a potion of magic {unknown}
 x - 3 potions of agility {unknown}
Books
 b - a book of Battle

   Spells                             Type                      Level
   a - Infusion                       Charms                       1
   b - Shroud of Golubria             Charms/Translocation         2
   c - Song of Slaying                Charms                       2
   d - Spectral Weapon                Hexes/Charms                 3
   e - Regeneration                   Charms/Necromancy            3
Comestibles
 c - 3 bread rations
 f - a meat ration
 u - 2 slices of pizza


   Skills:
 + Level 4.5 Fighting
 * Level 5.9 Long Blades
 + Level 3.8 Dodging
 - Level 2.0 Spellcasting
 - Level 2.6 Charms


You had 9 spell levels left.
You knew the following spells:

 Your Spells              Type           Power        Failure   Level  Hunger
z - Infusion              Chrm           #.....       12%         1    ##.....


Dungeon Overview and Level Annotations

Branches:
Dungeon (5/15)             Temple (0/1) D:4

Altars:
Fedhas
Makhleb
Okawaru
Ru
Trog
Xom
Yredelemnul

Annotations:
D:5 namelastname112's ghost, average DrFE


Innate Abilities, Weirdness & Mutations

You can spit globs of burning liquid.
You can ignite nearby creatures when you spit burning liquid.
Your weird mottled scales are hard (AC +6).
Your body does not fit into most forms of armour.
You are cold-blooded and may be slowed by cold attacks.


Message History

The flame tongue hits you!
You miss namelastname112's ghost.
Namelastname112's ghost is severely damaged.
Namelastname112's ghost hits you but does no damage.
You closely miss namelastname112's ghost.
Namelastname112's ghost is severely damaged.
You closely miss namelastname112's ghost.
Namelastname112's ghost is severely damaged.
Namelastname112's ghost gestures at you while chanting.
The flame tongue hits you!
* * * LOW HITPOINT WARNING * * *
You hit namelastname112's ghost but do no damage.
Namelastname112's ghost is severely damaged.
Namelastname112's ghost barely misses you.
You barely miss namelastname112's ghost.
Namelastname112's ghost is severely damaged.
You feel like a meek peon again.
Namelastname112's ghost points at you and mumbles some strange words.
The flame tongue hits you!
You die...

............#####
#.# #.####.....#
#.#
#.....#######.###
##..............#
#..............#
#.....<........#
#........###.###
####.#######.#
#.#..W@...#
#.#.####### ..#.
#. #W .. .. ..


You could see namelastname112's ghost.

Vanquished Creatures
  Grinder (D:3)
  A crimson imp (D:4)
  2 hounds
  An orc priest (D:3)
  Ijyb (D:2)
  A giant frog skeleton (D:3)
  An orc wizard (D:4)
  A worker ant zombie (D:3)
  9 adders
  2 oozes
  3 worms (D:2)
  3 giant geckos
  8 orcs
  18 bats
  3 giant cockroaches
  10 hobgoblins
  9 kobolds
  2 quokkas
  7 giant newts
  16 goblins
  4 jackals (D:4)
  A quokka skeleton (D:4)
  8 rats
  A spectral orc (D:3)
113 creatures vanquished.

Vanquished Creatures (others)
  A wizard (D:3)
1 creature vanquished.

Grand Total: 114 creatures vanquished

Notes
Turn   | Place    | Note
--------------------------------------------------------------
     0 | D:1      | namelastname112 the Draconian Skald began the quest for the Orb.
     0 | D:1      | Reached XP level 1. HP: 17/17 MP: 3/3
   117 | D:1      | Reached XP level 2. HP: 21/24 MP: 5/5
   371 | D:1      | You fall through a shaft!
   389 | D:2      | Noticed Ijyb
  1062 | D:2      | Reached XP level 3. HP: 6/30 MP: 6/6
  1339 | D:2      | Reached skill level 3 in Long Blades
  1465 | D:2      | Killed Ijyb
  1465 | D:2      | Reached XP level 4. HP: 8/37 MP: 7/7
  1863 | D:2      | Found a burning altar of Makhleb.
  1877 | D:2      | Reached skill level 4 in Long Blades
  2225 | D:2      | Reached XP level 5. HP: 37/45 MP: 8/8
  2381 | D:3      | Found a basalt altar of Yredelemnul.
  2580 | D:3      | Found a bloodstained altar of Trog.
  2589 | D:3      | Noticed a wizard
  2593 | D:3      | Killed a wizard
  2682 | D:3      | Found a sacrificial altar of Ru.
  2767 | D:3      | Found a faded altar to an unknown god.
  2815 | D:3      | Became a worshipper of Warmaster Okawaru
  2815 | D:3      | Acquired Okawaru's first power
  3129 | D:3      | Reached XP level 6. HP: 47/52 MP: 9/9
  3251 | D:3      | Noticed Grinder
  3266 | D:3      | HP: 1/52 [Grinder/nerve-wracking pain (14)]
  3268 | D:3      | Paralysed by Grinder for 2 turns
  3279 | D:3      | Paralysed by Grinder for 6 turns
  3297 | D:3      | Killed Grinder
  3297 | D:3      | Reached skill level 5 in Long Blades
  3330 | D:3      | Found a shimmering altar of Xom.
  3508 | D:3      | Found a blossoming altar of Fedhas.
  3872 | D:4      | Your scales start taking on a weird mottled colour.
  3872 | D:4      | Reached XP level 7. HP: 52/60 MP: 10/10
  4244 | D:4      | Found a staircase to the Ecumenical Temple.
  4709 | D:5      | Entered Level 5 of the Dungeon
  4777 | D:5      | Noticed namelastname112's ghost (average DrFE)
  4828 | D:5      | Killed from afar by namelastname112's ghost

Vault maps used:
D:1:      roderic_dead_forest
D:2:      kennysheep_the_goblin_king, makhleb_blood_cavern_becter, uniq_iyjb
D:3:      nicolae_ru_path_of_blood, lemuel_doored_altar,
          yredelemnul_forgotten_temple_becter, lemuel_crystal_altar,
          ecumenical_altar_2, trog_wizard, uniq_grinder
D:4:      minmay_temple_entry_hall
D:5:      first_bread, uniq_blork_the_orc

Action                   |  1- 3 |  4- 6 |  7- 9 || total
-------------------------+-------+-------+-------++-------
Melee: Falchion          |   152 |   283 |   137 ||   572
 Cast: Infusion          |       |     2 |       ||     2
Invok: Heroism           |       |     1 |     1 ||     2
  Use: Potion            |       |     3 |     1 ||     4
 Stab: Sleeping          |     2 |     9 |     6 ||    17
  Eat: Chunk             |     2 |     6 |     3 ||    11
       Beef jerky        |       |     1 |       ||     1
